AoeStats
← Murderer Potato

Lombardia

509499420Analyzed
4v4 RM · 6d ago on Sep 27, 2026· 69m 18s· 8 players
Game mode
Random Map
Map size
Large (8 player)
Population
200
Speed
Normal
Resources
Standard
Victory
Conquest
Starting age
Dark Age
Ending age
Imperial Age
RankedLock teamsTeams togetherTeam positionsShared explorationLock speedFull tech treeHidden civsTurbo modeCheats
Victory
Defeat
🇦🇷 Magyars · Argentina
1196
+12
🇭🇷 Aztecs · Croatia
1187
+13
🇨🇱 Burgundians · Chile
1157
+14
🇵🇪 Georgians · Peru
1126
+15
🇳🇿 Burgundians · New Zealand
1250
-18
🇺🇸 Varangians · United States
1238
-18
🇨🇦 Franks · Canada
1086
-12
🇵🇹 Goths · Portugal
871
-6
Murderer Potato
11:36 Feudal Age
13:49 Loom
16:39 Castle Age
15:23 Double-Bit Axe
16:31 Bow Saw
20:10 Husbandry
19:34 Cavalier
26:10 Horse Collar
27:33 Two-Man Saw
27:51 Heavy Plow
28:14 Stone Mining
28:16 Gold Mining
29:13 Wheelbarrow
31:07 Forging
31:03 Scale Barding Armor
31:19 Heavy Plow
32:29 Iron Casting
33:43 Chain Barding Armor
34:20 Hand Cart
33:51 Town Watch
37:52 Gold Shaft Mining
37:54 Stone Shaft Mining
41:06 Burgundian Vineyards
44:06 Imperial Age
44:31 Paladin
45:57 Plate Barding Armor
46:23 Blast Furnace
55:30 Caravan
59:55 Light Cavalry
64:08 Hussar
Filip_jede_Meso
6:09 Loom
12:24 Feudal Age
16:11 Castle Age
15:15 Double-Bit Axe
17:19 Bow Saw
[TodEs] RastroJueves
4:59 Loom
9:33 Feudal Age
23:09 Castle Age
21:32 Fletching
22:08 Horse Collar
22:55 Padded Archer Armor
23:49 Bloodlines
23:54 Double-Bit Axe
25:45 Bodkin Arrow
26:49 Leather Archer Armor
27:52 Bow Saw
28:14 Husbandry
29:09 Ballistics
31:31 Wheelbarrow
31:48 Thumb Ring
34:17 Heavy Plow
47:22 Hand Cart
48:52 Scale Mail Armor
52:03 Imperial Age
51:21 Town Watch
53:25 Parthian Tactics
52:21 Heavy Cavalry Archer
53:04 Bracer
54:10 Chemistry
56:25 Ring Archer Armor
59:30 Recurve Bow
61:24 Light Cavalry
62:14 Hussar
63:44 Scale Barding Armor
64:58 Conscription
69:16 Caravan
Abedlino Caceres
8:15 Loom
10:58 Feudal Age
11:44 Double-Bit Axe
11:43 Horse Collar
16:39 Castle Age
15:37 Stone Mining
17:41 Bow Saw
19:34 Stone Shaft Mining
22:21 Gold Mining
28:12 Wheelbarrow
28:09 Heavy Plow
30:11 Hand Cart
32:47 Scale Barding Armor
32:53 Forging
34:57 Iron Casting
34:42 Chain Barding Armor
35:00 Fortified Wall
35:45 Bloodlines
35:35 Husbandry
43:21 Imperial Age
40:45 Fletching
40:57 Murder Holes
41:23 Ballistics
42:42 Svan Towers
44:12 Aznauri Cavalry
43:58 Elite Monaspa
45:20 Plate Barding Armor
45:45 Blast Furnace
45:59 Blast Furnace
45:35 Bodkin Arrow
46:16 Crop Rotation
46:30 Town Watch
52:17 Aznauri Cavalry
52:43 Town Patrol
53:33 Caravan
69:03 Chemistry
68:10 Siege Engineers
67:46 Treadmill Crane
68:17 Masonry
sobre
7:15 Loom
11:46 Feudal Age
20:23 Castle Age
18:59 Forging
18:55 Scale Barding Armor
18:56 Double-Bit Axe
22:03 Bow Saw
21:48 Gold Mining
21:41 Light Cavalry
24:36 Husbandry
27:06 Wheelbarrow
27:21 Iron Casting
30:46 Chain Barding Armor
33:07 Gold Shaft Mining
33:54 Hand Cart
33:25 Town Watch
38:16 Town Patrol
38:28 Stone Mining
43:40 Imperial Age
43:51 Cavalier
45:29 Paladin
46:47 Conscription
54:44 Blast Furnace
54:20 Plate Barding Armor
54:05 Chivalry
54:41 Hoardings
54:35 Fletching
57:52 Bodkin Arrow
59:04 Chemistry
57:49 Treadmill Crane
58:21 Masonry
59:00 Caravan
59:31 Coinage
60:09 Siege Engineers
60:02 Murder Holes
60:20 Fortified Wall
60:06 Murder Holes
Jessica3_4
12:11 Feudal Age
15:54 Castle Age
14:19 Double-Bit Axe
14:46 Horse Collar
15:04 Loom
16:46 Bow Saw
17:22 Gold Mining
22:27 Bloodlines
25:04 Scale Barding Armor
25:54 Husbandry
27:27 Chain Barding Armor
28:24 Forging
29:15 Heavy Plow
30:12 Iron Casting
30:28 Wheelbarrow
40:46 Imperial Age
38:35 Hand Cart
38:53 Stone Mining
39:31 Fletching
40:55 Cavalier
42:13 Plate Barding Armor
43:01 Blast Furnace
46:05 Conscription
45:23 Vendel Legacy
49:44 Two-Man Saw
48:42 Bodkin Arrow
49:20 Crop Rotation
55:57 Fortified Wall
62:29 Pikeman
62:59 Gothikon
63:58 Squires
63:43 Arson
64:00 Scale Mail Armor
63:42 Elite Varangian Guard
64:49 Caravan
65:50 Chain Mail Armor
Timor Primus
5:31 Loom
12:13 Feudal Age
13:08 Double-Bit Axe
17:33 Horse Collar
22:38 Scale Mail Armor
22:49 Forging
24:26 Scale Barding Armor
29:05 Castle Age
29:21 Padded Archer Armor
29:11 Fletching
30:02 Wheelbarrow
29:24 Gold Mining
30:25 Squires
29:45 Pikeman
30:30 Heavy Plow
31:18 Bow Saw
31:30 Chain Mail Armor
32:39 Hand Cart
34:04 Iron Casting
33:16 Elite Skirmisher
38:21 Imperial Age
36:14 Town Watch
37:31 Bodkin Arrow
39:47 Halberdier
42:25 Conscription
46:54 Blast Furnace
45:55 Bracer
46:10 Leather Archer Armor
47:27 Hand Cart
48:18 Elite Huskarl
49:49 Perfusion
53:32 Anarchy
65:28 Caravan
67:02 Crop Rotation
69:09 Murder Holes
wazzy_waz
5:46 Loom
9:46 Feudal Age
9:40 Double-Bit Axe
10:55 Horse Collar
12:31 Bow Saw
18:53 Forging
23:00 Scale Mail Armor
25:30 Castle Age
24:05 Wheelbarrow
24:43 Heavy Plow
25:04 Scale Barding Armor
27:30 Husbandry
31:05 Iron Casting
29:53 Cavalier
45:05 Gold Mining
47:22 Crop Rotation
47:29 Gold Shaft Mining
47:17 Chain Barding Armor
47:13 Fortified Wall
51:56 Masonry
53:40 Pikeman
57:32 Imperial Age
57:11 Squires
57:28 Chain Mail Armor
59:04 Plate Barding Armor
59:31 Blast Furnace
57:57 Paladin
58:18 Halberdier
61:33 Plate Mail Armor
63:00 Fletching
63:44 Caravan
65:12 Arson
67:20 Elite Skirmisher
70:18 Chemistry
Connection lost

Rejoining the realm…

Still unreachable

The connection could not be restored.

Session expired

The server has moved on; the page needs a fresh start.